 Dungeon Crawl Stone Soup version 0.28.0-43-g3370ac3207 (webtiles) character file.

Game seed: 10918053495064567794

277 nickcage the Firebug (level 6, 0/32 HPs)
             Began as a Tengu Fire Elementalist on Mar 28, 2022.
             Slain by a lemure (7 damage)
             ... led by Pikel
             ... on level 3 of the Dungeon.
             The game lasted 00:10:26 (3636 turns).

nickcage the Firebug (Tengu Fire Elementalist)      Turns: 3636, Time: 00:10:26

Health: 0/32       AC:  2    Str:  8    XL:     6   Next: 25%
Magic:  10/10      EV: 14    Int: 18    God:
Gold:   173        SH:  0    Dex: 14    Spells: 3/9 levels left

rFire   . . .      SeeInvis .   i - +10 dagger of Mebiox {vorpal, rPois}
rCold   . . .      Faith    .   (no shield)
rNeg    . . .      Spirit   .   a - +0 robe
rPois   +          Reflect  .   (helmet restricted)
rElec   .          Harm     .   (no cloak)
rCorr   .          Rampage  .   (no gloves)
Will    .....                   (boots unavailable)
Stlth   ++........              (no amulet)
HPRegen 0.10/turn               (no ring)
MPRegen 0.12/turn               (no ring)

@: flying quickly and evasively, quick
A: beak, talons 3, nimble flight
a: no special abilities


You were on level 3 of the Dungeon.
You visited 1 branch of the dungeon, and saw 4 of its levels.

You collected 173 gold pieces.

Inventory:

Hand Weapons
 d - a +0 dagger
 i - the +10 dagger of Mebiox (weapon) {vorpal, rPois}
   (You took it off a hobgoblin on level 2 of the Dungeon)

   It inflicts extra damage upon your enemies.
   rPois:     It protects you from poison.
Missiles
 h - a boomerang
Armour
 a - a +0 robe (worn)
Jewellery
 m - a ring of protection from fire
Scrolls
 b - 4 scrolls of identify
 f - 2 scrolls of teleportation
 j - a scroll of fog {unknown}
 l - a scroll of magic mapping {unknown}
 n - a scroll of vulnerability {unknown}
Potions
 c - 3 potions of flight
 e - a potion of might {unknown}
 g - a potion of lignification {unknown}
 k - a potion of mutation {unknown}
 o - 2 potions of haste {unknown}


   Skills:
 - Level 2.1 Dodging
 - Level 2.0 Stealth
 - Level 2.0 Spellcasting
 + Level 3.0 Conjurations
 + Level 7.1 Fire Magic


You had 3 spell levels left.
You knew the following spells:

 Your Spells              Type           Power      Damage    Failure   Level
a - Foxfire               Conj/Fire      80%        2x1d8     2%          1
b - Scorch                Fire           54%        2d7       1%          2
c - Conjure Flame         Conj/Fire      20%        6-21      7%          3

Your spell library contained the following spells:

 Spells                   Type           Power      Damage    Failure   Level
 Inner Flame              Hex/Fire       14%        N/A       13%         3
 Dazzling Flash           Conj/Hex       14%        N/A       28%         3
 Flame Wave               Conj/Fire      20%        2d7       22%         4
 Agony                    Necr           1%         N/A       99%         5
 Silence                  Hex/Air        0%         N/A       99%         5


Dungeon Overview and Level Annotations

Branches:
Dungeon (4/15)
 Temple: D:4-7

Altars:
Ru
Trog
Zin

Shops:
D:1 !([*   D:4 *

Annotations:
D:4 Pikel


Innate Abilities, Weirdness & Mutations

You have a beak for a mouth.
You have claws for feet.
Your magical nature lets you fly swiftly and evasively.


Message History

There is a stone staircase leading down here.
The lemure shouts!
The hound barks!
The hound closely misses you.
You hear the brisk hiss of a very distant avalanche of sand.
The lemure completely misses you. The hound bites you but does no damage.
The hound bites you.
There is a stone staircase leading up here.
The hound bites you.
You fly upwards.
There is a stone staircase leading down here.
Flames lash the hound.
The hound is heavily wounded.
The hound's fire resistance burns away.
The hound misses you. The hound bites you.
Flames lash the hound.
The hound is burned terribly!
You kill the hound!
Your Fire Magic skill increases to level 7!
You start resting.
Magic restored.
You start resting.
HP restored.
You fly downwards.
You hear the hiss of flowing sand.
There is an entrance to an ossuary on this level.
Hurry and find it before the portal is buried!
Level annotation: Pikel You hear the quick hiss of a very distant avalanche of sand.
The lemure barely misses you. The lemure hits you.
There is a stone staircase leading up here.
The lemure hits you! x2
You fly upwards.
There is a stone staircase leading down here.
You are too injured to fight recklessly!
The lemure closely misses you. The lemure hits you.
* * * LOW HITPOINT WARNING * * *
The lemure misses you. The lemure hits you!
You die...

#... ####... #......
######### #.###.#
#.......####.####.
#......##.......##
#.5....#.8#####8.#
#.5....#.##...##.#
#@.....#.#.8.8.#.#
#####......#.#..<..#.#
#..........#.#.8.8.#.#
#.######.†>#.##...##.#
#.# #...#.8##'##8.#
#.# #...##.......##
#.# ##...###########
#<# #....# ####.. #.#
#....# #.....


You could see 2 lemures.

Vanquished Creatures
  A scorpion (D:4)
  A centaur skeleton (D:4)
  An orc priest (D:3)
  A hound (D:3)
  Terence (D:3)
  A hound skeleton (D:3)
  4 adders
  An adder skeleton (D:4)
  2 dart slugs (D:2)
  4 orcs (D:3)
  4 ball pythons
  5 bats
  4 endoplasms
  2 giant cockroaches
  3 goblins
  3 hobgoblins
  3 jackals (D:2)
  5 kobolds
  2 quokkas
  4 frilled lizards
  3 rats
55 creatures vanquished.

Vanquished Creatures (others)
  23 foxfires
23 creatures vanquished.

Grand Total: 78 creatures vanquished

Notes
Turn   | Place    | Note
-------+----------+-------------------------------------------
     0 | D:1      | nickcage the Tengu Fire Elementalist began the quest for
                  | the Orb.
     0 | D:1      | Reached XP level 1. HP: 10/10 MP: 4/4
    89 | D:1      | Found Nihudi's Distillery.
   215 | D:1      | Found Pofir's Antique Armour Boutique.
   329 | D:1      | Found Xaneotufe's Assorted Antiques.
   407 | D:1      | Found a faded altar of an unknown god.
   420 | D:1      | Reached XP level 2. HP: 6/15 MP: 3/6
   613 | D:1      | Found Zeol's Weapon Shop.
   984 | D:1      | Reached skill level 4 in Fire Magic
  1326 | D:2      | Reached XP level 3. HP: 16/19 MP: 7/7
  1329 | D:2      | Identified the +10 dagger of Mebiox {vorpal, rPois}
  1672 | D:2      | Reached skill level 5 in Fire Magic
  1701 | D:2      | Learned a level 2 spell: Scorch
  1705 | D:2      | Learned a level 3 spell: Conjure Flame
  1765 | D:2      | Reached XP level 4. HP: 18/24 MP: 8/8
  2400 | D:3      | Found a bloodstained altar of Trog.
  2458 | D:3      | Noticed Terence
  2466 | D:3      | Killed Terence
  2467 | D:3      | Gained mutation: Your magical nature lets you fly swiftly
                  | and evasively. [Tengu growth]
  2467 | D:3      | Reached XP level 5. HP: 21/28 MP: 0/9
  2909 | D:3      | Reached skill level 6 in Fire Magic
  3090 | D:4      | Noticed a lemure
  3179 | D:4      | Found a sacrificial altar of Ru.
  3264 | D:4      | Reached XP level 6. HP: 32/32 MP: 1/10
  3363 | D:4      | Found Zin's Purification Station.
  3370 | D:4      | Found a glowing silver altar of Zin.
  3445 | D:4      | Noticed Pikel
  3495 | D:3      | Reached skill level 7 in Fire Magic
  3636 | D:3      | Slain by a lemure

Illustrated notes

Levels and vault maps discovered:
D:1:      nicolae_arrival_washed_ashore, layout_loops_ring, serial_shops,
          nicolae_shop_advertising_works [nicolae_subvault_shop_adworks],
          shop_coins, nicolae_shop_crystal, shop, serial_forest,
          infiniplex_forest_lined_corner, infiniplex_forest_clump_small,
          infiniplex_forest_lined_room_3, infiniplex_forest_end_2,
          infiniplex_forest_straight_2, infiniplex_forest_side_room,
          infiniplex_forest_straight_4, infiniplex_forest_straight_5,
          ebering_ecumenical_altar_webs
D:2:      layout_basic, nicolae_elevator_lobby_asterisk
D:3:      layout_basic, lemuel_crystal_altar, grunt_decor_mini_mirrors,
          grunt_ministairs_11, uniq_terence
D:4:      layout_rooms, nicolae_ru_awakened_eye, zin_purify,
          nicolae_ossuary_entry_plus, lemuel_flame_loot_1, uniq_menkaure,
          uniq_pikel

Skill      XL: |  1  2  3  4  5  6 |
---------------+-------------------+-----
Fire Magic     | 4 5 6 7 |  7.1
Conjurations   | 2 3 |  3.0
Dodging        | |  2.1
Stealth        | |  2.0
Spellcasting   | |  2.0

Action                   |  1- 3 |  4- 6 || total
-------------------------+-------+-------++-------
Melee: Dagger            |    49 |    21 ||    70
       Unarmed           |     3 |       ||     3
       Kick              |    12 |     3 ||    15
       Peck              |     2 |     3 ||     5
       Punch             |     1 |       ||     1
Throw: Boomerang         |    18 |       ||    18
 Cast: Foxfire           |    16 |     1 ||    17
       Scorch            |       |    29 ||    29
  Use: Scroll            |       |     5 ||     5
 Stab: Sleeping          |     2 |     2 ||     4
Armor: Robe              |    11 |     3 ||    14
Dodge: Dodged            |    41 |    20 ||    61
